 Dungeon Crawl Stone Soup version 0.17-a0-1368-g6ab37f2 (webtiles) character file.

13610 HEYYEYAAE the Zephyrmancer (level 12, -2/88 HPs)
             Began as a Human Air Elementalist on June 12, 2015.
             Was a High Priest of Vehumet.
             Killed by divine providence
             ... invoked by an orc priest
              (12 damage)
             ... on level 4 of the Orcish Mines.
             The game lasted 00:40:13 (13106 turns).

HEYYEYAAE the Zephyrmancer (HuAE)                  Turns: 13106, Time: 00:40:14

Health: -2/88      AC: 14    Str:  9    XL:     12   Next: 34%
Magic:  3/33       EV: 15    Int: 22    God:    Vehumet [*****.]
Gold:   828        SH:  0    Dex: 15    Spells: 8 memorised, 4 levels left

rFire  + . .     SeeInvis .     o - +4 halberd (protect)
rCold  + . .     Clarity  .     K - +3 leather armour of Caqim {rPois Int+3}
rNeg   . . .     SustAt   .     (no shield)
rPois  +         Gourm    .     (no helmet)
rElec  +         Spirit   .     u - +1 cloak
rCorr  +         Warding  .     (no gloves)
rMut   .         Stasis   .     (no boots)
MR     .....                    q - amulet of rage
Stlth  ++........               (no ring)
                                l - ring of magical power

@: lethally poisoned (-2 -> -2), resistant, very slightly contaminated,
regenerating (expiring), hasted, repel missiles, very quick, not resistant to
hostile enchantments, unstealthy
A: no striking features
a: Renounce Religion, Evoke Berserk Rage


You were on level 4 of the Orcish Mines.
You worshipped Vehumet.
Vehumet was extremely pleased with you.
You were not hungry.

You visited 3 branches of the dungeon, and saw 16 of its levels.
You also visited: Ossuary.

You collected 1430 gold pieces.
You spent 602 gold pieces at shops.

Inventory:

Hand weapons
 a - a cursed -3 war axe
 o - a +4 halberd of protection (weapon)
 L - a +4 rapier of draining
 O - a +1 falchion of electrocution
 P - a cursed +2 long sword of freezing
 X - a +5 hand axe
 Y - a cursed -1 hand axe
Armour
 k - a +1 steam dragon armour
 u - a +1 cloak (worn)
 K - the +3 leather armour of Caqim (worn) {rPois Int+3}
   (You bought it in a shop on level 8 of the Dungeon)

   It affects your intelligence (+3).
   It protects you from poison.
 N - a +2 leather armour of magic resistance
 R - the cursed +0 shield "Iprohol" {Regen+}
   (You bought it in a shop on level 8 of the Dungeon)

   It increases your rate of regeneration.
   It has a curse placed upon it.
Rods
 w - a +0 rod of destruction (14/14)
   (You found it on level 9 of the Dungeon)
Jewellery
 l - a ring of magical power (left hand)
 q - an amulet of rage (around neck)
Magical devices
 h - a wand of random effects (12)
 Q - a wand of magic darts (13)
Scrolls
 e - 7 scrolls of remove curse
 p - a scroll of enchant armour
 r - 2 scrolls of magic mapping
 B - a scroll of amnesia
 C - a scroll of fog
 M - a scroll of random uselessness {unknown}
 S - 2 scrolls of recharging {unknown}
Potions
 i - a potion of haste
 m - a potion of might
 t - a potion of mutation
 D - 3 potions of poison
 E - 3 potions of flight
 F - a potion of cure mutation
 G - 2 potions of cancellation
 H - 3 potions of brilliance
Books
 b - a book of Air

   Spells                             Type                      Level
   a - Shock                          Conjuration/Air              1
   b - Swiftness                      Charms/Air                   2
   c - Repel Missiles                 Charms/Air                   2
   d - Static Discharge               Conjuration/Air              3
   e - Lightning Bolt                 Conjuration/Air              5
 s - a book of Necromancy

   Spells                             Type                      Level
   a - Pain                           Necromancy                   1
   b - Animate Skeleton               Necromancy                   1
   c - Vampiric Draining              Necromancy                   3
   d - Regeneration                   Charms/Necromancy            3
   e - Animate Dead                   Necromancy                   4
   f - Control Undead                 Necromancy                   4
 J - a book of Maledictions

   Spells                             Type                      Level
   a - Corona                         Hexes                        1
   b - Ensorcelled Hibernation        Hexes/Ice                    2
   c - Confuse                        Hexes                        3
   d - Tukima's Dance                 Hexes                        3
   e - Dazzling Spray                 Conjuration/Hexes            3
 T - a Fen Folio

   Spells                             Type                      Level
   a - Corpse Rot                     Necromancy                   2
   b - Stone Arrow                    Conjuration/Earth            3
   c - Leda's Liquefaction            Hexes/Earth                  4
   d - Summon Forest                  Summoning/Translocation      5
   e - Hydra Form                     Transmutation                6
   f - Summon Hydra                   Summoning                    7
Comestibles
 c - 12 bread rations
 g - 5 meat rations
 z - 3 slices of pizza


   Skills:
 + Level 6.2 Fighting
 + Level 5.8 Armour
 + Level 6.2 Dodging
 - Level 2.0 Stealth
 * Level 8.8 Spellcasting
 * Level 8.5 Conjurations
 + Level 3.0 Charms
 + Level 3.2 Necromancy
 * Level 9.4 Air Magic


You had 4 spell levels left.
You knew the following spells:

 Your Spells              Type           Power        Failure   Level  Hunger
a - Shock                 Conj/Air       ####         1%          1    None
b - Static Discharge      Conj/Air       #####...     1%          3    None
c - Repel Missiles        Chrm/Air       #####.       1%          2    None
e - Regeneration          Chrm/Necr      ###.......   10%         3    None
f - Vampiric Draining     Necr           ###.......   10%         3    None
g - Lightning Bolt        Conj/Air       #####.....   2%          5    #####..
h - Animate Dead          Necr           N/A          28%         4    ##.....
i - Stone Arrow           Conj/Erth      ####..       1%          3    None


Dungeon Overview and Level Annotations

Branches:
Dungeon (11/15)            Temple (1/1) D:7            Lair (0/8) D:8
    Orc (4/4) D:11
    Elf: Orc:3-4

Altars:
Ashenzari
Cheibriados
Dithmenos
Elyvilon
Fedhas
Gozag
Kikubaaqudgha
Makhleb
Nemelex Xobeh
Okawaru
Qazlal
Ru
Sif Muna
Trog
Vehumet
Xom
Yredelemnul
Zin
The Shining One
Beogh

Shops:
D:8 *(([

Annotations:
D:4 Grinder
Orc:3 Nergalle


Message History

You feel sick.
Casting: Lightning Bolt
Confirm with . or Enter, or press ? or * to list all spells.
Aiming: Shock
Press: ? - help, Shift-Dir - straight line, f - orc priest
Aim: an orc priest, wielding a club The zap misses the orc priest.
Attack whom?
Press: ? - help, Dir - move target cursor, f/p - orc priest
Aim: an orc priest, wielding a club You reach to attack!
You closely miss the orc priest.
Attack whom?
Press: ? - help, Dir - move target cursor, f/p - orc priest
Aim: an orc priest, wielding a club You hit the orc priest.
The orc priest is heavily wounded.
You feel sick.
The orc priest mumbles some strange prayers to Beogh against you.
Something smites you!
You die...

.........##...## ..#.....≈≈≈≈###
#.........##...##.o..........oc
###.......###................c
##.....####......#....o≈≈≈≈##
#....#####.#.....#....§.≈§≈≈###
#.<..# ##.....#...(...§§§§≈≈≈≈#
##.### #..).(....#...§§§(§§.≈≈≈
### ##.......o)##(.§(.(§§..≈≈
####.#.....@.()##(.##..##...
##.#.........#(()).).(.......
#............##))(...........
##......#...#......(.........
##..........................
####...........#..............
##.#...........................
##..............................
##...#...........................


You could see an orc warrior and an orc priest.

Vanquished Creatures
  A hydra (D:11)
  4 hill giants
  Joseph (D:7)
  A two-headed ogre (D:8)
  3 slime creatures (D:9)
  A trapdoor spider (D:10)
  A wyvern (D:10)
  A human (D:7)
  6 yaks (D:10)
  4 hippogriffs
  2 steam dragons (D:5)
  A hungry ghost (D:11)
  A wasp (D:10)
  Duvessa (D:5)
  23 orc warriors
  A black bear (D:10)
  4 ogres
  2 water moccasins
  An eye of draining (D:9)
  2 sky beasts
  7 centaurs
  2 ice beasts
  2 big kobolds
  Dowan (D:5)
  2 water moccasin zombies
  6 giant frogs
  8 wights
  2 scorpions
  5 killer bees (D:9)
  2 centaur zombies (D:5)
  3 crimson imps
  A wasp zombie (D:6)
  A jelly (D:8)
  5 giant frog zombies
  14 orc priests
  8 hounds
  16 orc wizards
  2 iguanas
  5 worker ants
  A killer bee zombie (D:5)
  4 sheep (D:7)
  A worker ant zombie (D:5)
  A hound zombie (D:5)
  3 mummies (Ossuary)
  A gnoll (D:1)
  14 adders
  2 shadow imps
  7 adder zombies
  4 worms
  An adder skeleton (D:10)
  122 orcs
  16 bats
  A bat skeleton (D:8)
  2 bat zombies (D:5)
  8 giant cockroaches
  9 goblins
  18 hobgoblins
  24 kobolds
  7 quokkas
  A ball python zombie (D:5)
  3 giant geckos
  2 giant gecko skeletons
  6 giant newts
  A gnoll zombie (Ossuary)
  A goblin zombie (Ossuary)
  2 hobgoblin zombies (Ossuary)
  17 jackals
  2 jackal zombies (D:5)
  A kobold zombie (Ossuary)
  4 quokka zombies (Ossuary)
  16 rats
  5 rat zombies (Ossuary)
  A fungus (D:5)
  A plant (D:5)
462 creatures vanquished.

Vanquished Creatures (collateral kills)
  An orc wizard (Orc:1)
  6 orcs
  A hobgoblin (Orc:1)
8 creatures vanquished.

Grand Total: 470 creatures vanquished

Notes
Turn   | Place    | Note
--------------------------------------------------------------
     0 | D:1      | HEYYEYAAE the Human Air Elementalist began the quest for the Orb.
     0 | D:1      | Reached XP level 1. HP: 13/13 MP: 3/3
   244 | D:1      | Reached XP level 2. HP: 19/19 MP: 1/5
   531 | D:1      | Reached XP level 3. HP: 22/24 MP: 3/6
   991 | D:2      | Reached XP level 4. HP: 25/30 MP: 8/8
  1015 | D:2      | Found an opulent altar of Gozag.
  1179 | D:2      | Reached skill level 1 in Fighting
  1186 | D:2      | Found a basalt altar of Yredelemnul.
  1485 | D:2      | Found a faded altar to an unknown god.
  2228 | D:3      | Reached XP level 5. HP: 34/37 MP: 9/9
  2393 | D:3      | Reached skill level 1 in Armour
  2502 | D:3      | Learned a level 2 spell: Repel Missiles
  2513 | D:3      | Learned a level 3 spell: Static Discharge
  2866 | D:3      | Reached skill level 4 in Air Magic
  2866 | D:3      | Reached XP level 6. HP: 31/43 MP: 11/11
  3311 | D:4      | Found a sand-covered staircase.
  3379 | Ossuary  | Entered an ossuary
  3799 | D:4      | Noticed Grinder
  4292 | D:5      | Entered Level 5 of the Dungeon
  4364 | D:5      | Found a shimmering altar of Xom.
  4397 | D:5      | Found an ancient bone altar of Kikubaaqudgha.
  4397 | D:5      | Found an iron altar of Okawaru.
  4458 | D:5      | Noticed a water moccasin
  4478 | D:5      | Killed a water moccasin
  4478 | D:5      | Reached XP level 7. HP: 14/50 MP: 11/13
  4542 | D:5      | Noticed Dowan
  4544 | D:5      | Noticed Duvessa
  4700 | D:5      | Killed Duvessa
  4902 | D:5      | Killed Dowan
  5084 | D:5      | Found a burning altar of Makhleb.
  5180 | D:5      | Noticed a steam dragon
  5182 | D:5      | Noticed a steam dragon
  5198 | D:5      | Killed a steam dragon
  5198 | D:5      | Reached XP level 8. HP: 48/57 MP: 11/15
  5229 | D:5      | Killed a steam dragon
  5229 | D:5      | Reached skill level 5 in Air Magic
  5547 | D:6      | Reached skill level 5 in Spellcasting
  6217 | D:6      | Reached XP level 9. HP: 47/64 MP: 16/16
  6551 | D:7      | Reached skill level 5 in Conjurations
  6598 | D:7      | Found a staircase to the Ecumenical Temple.
  6608 | D:7      | Reached skill level 6 in Air Magic
  6627 | Temple   | Entered the Ecumenical Temple
  6687 | Temple   | Became a worshipper of Vehumet
  6807 | D:7      | Noticed Joseph
  6830 | D:7      | Killed Joseph
  7155 | D:7      | Acquired Vehumet's first power
  7155 | D:7      | Offered knowledge of Sandblast by Vehumet.
  7158 | D:7      | Reached XP level 10. HP: 69/73 MP: 19/19
  7161 | D:7      | Learned a level 1 spell: Sandblast
  7330 | D:8      | Found Kotreq's Weapon Shoppe.
  7345 | D:8      | Found Taanagyi's Armour Boutique.
  7350 | D:8      | Learned a level 3 spell: Regeneration
  7354 | D:8      | Learned a level 3 spell: Vampiric Draining
  7360 | D:8      | Learned a level 5 spell: Lightning Bolt
  7379 | D:8      | Found Zecull's Book Emporium.
  7438 | D:8      | Bought the +3 leather armour of Caqim {rPois Int+3} for 483 gold pieces
  7527 | D:8      | Reached skill level 7 in Air Magic
  7555 | D:8      | Found a staircase to the Lair.
  7559 | D:8      | Found Caps's Weapon Boutique.
  7576 | D:8      | Found Evvupong's General Store.
  7748 | D:8      | Found a sacrificial altar of Ru.
  8375 | D:9      | Reached skill level 5 in Dodging
  8402 | D:9      | Offered knowledge of Flame Tongue by Vehumet.
  8665 | D:9      | Learned a level 4 spell: Animate Dead
  8850 | D:9      | Reached skill level 8 in Air Magic
  8974 | D:9      | Found a shadowy altar of Dithmenos.
  9046 | D:9      | Reached skill level 1 in Necromancy
  9059 | D:9      | Reached skill level 5 in Fighting
  9271 | D:9      | Reached XP level 11. HP: 76/79 MP: 22/22
  9340 | D:8      | Bought the cursed +0 shield "Iprohol" {Regen+} for 119 gold pieces
  9357 | D:10     | Entered Level 10 of the Dungeon
  9378 | D:10     | Noticed a hill giant
  9383 | D:10     | Killed a hill giant
  9383 | D:10     | Reached skill level 1 in Charms
  9434 | D:10     | Reached skill level 5 in Armour
  9649 | D:10     | Offered knowledge of Stone Arrow by Vehumet.
  9738 | D:10     | Acquired Vehumet's second power
  9834 | D:10     | Noticed a hill giant
  9842 | D:10     | Killed a hill giant
 10297 | D:11     | Offered knowledge of Fulminant Prism by Vehumet.
 10462 | D:11     | Learned a level 3 spell: Stone Arrow
 10495 | D:11     | Noticed a four-headed hydra
 10594 | D:11     | Killed a four-headed hydra
 10721 | D:11     | Found a staircase to the Orcish Mines.
 10726 | D:11     | Found a roughly hewn altar of Beogh.
 10746 | D:11     | Acquired Vehumet's third power
 10924 | D:11     | Noticed a hill giant
 10933 | D:11     | Killed a hill giant
 10933 | D:11     | Reached skill level 9 in Air Magic
 11150 | D:11     | Noticed a hill giant
 11158 | D:11     | Killed a hill giant
 11159 | D:11     | Reached XP level 12. HP: 15/87 MP: 11/24
 11360 | Orc:1    | Entered Level 1 of the Orcish Mines
 11363 | Orc:1    | Offered knowledge of Iskenderun's Battlesphere by Vehumet.
 11684 | Orc:1    | Offered knowledge of Iron Shot by Vehumet.
 12304 | Orc:3    | Noticed Nergalle
 12700 | Orc:4    | Entered Level 4 of the Orcish Mines
 12858 | Orc:4    | Offered knowledge of Irradiate by Vehumet.
 13059 | Orc:4    | HP: 9/198 [centaur (4)]
 13061 | Orc:4    | HP: 3/132 [orc warrior/uncursed battleaxe (12)]
 13106 | Orc:4    | Killed from afar by an orc priest

Vault maps used:
D:1:      dpeg_arrival_solitude, serial_forest, infiniplex_forest_corner_2,
          infiniplex_forest_corner_2, infiniplex_forest_straight_1,
          infiniplex_forest_clump_small
D:2:      nicolae_gozag_seed_capital, nicolae_overflow_crystal_walls,
          ecumenical_altar_1
D:3:      first_bread
D:4:      black_bear_nest_1, lightli_ossuary_entry_decrepit_ruins, uniq_grinder
D:5:      kennysheep_steamy, lemuel_crystal_altar, kennysheep_mini_moat,
          gammafunk_temple_overflow_wave, serial_undead, serial_undead_c,
          serial_undead_c, serial_undead_b, serial_undead_c, serial_undead_b,
          serial_undead_e, serial_undead_e, serial_undead_d, serial_undead_a,
          serial_undead_b, nrook_loot_triangle, uniq_duvessa
D:7:      minmay_temple_entry_large_hall, grunt_livestock, uniq_joseph
D:8:      lair_0_dummy, basic_altar, serial_shops, shop, shop_fountains,
          nicolae_shop_window_shopping, kennysheep_little_box, shop_coins
D:9:      kennysheep_mini
D:10:     special_room
D:11:     minmay_orc_entry_temple_small, dk_noncrumbling_2
Temple:   circular_temple_12
Orc:3:    nicolae_orc_pool_cavern, uniq_nergalle
Orc:4:    st_orc_rangers, basic_altar, lightli_orcish_oven
Ossuary:  ossuary_minmay_chase

Action                   |  1- 3 |  4- 6 |  7- 9 | 10-12 || total
-------------------------+-------+-------+-------+-------++-------
Melee: Dagger            |    17 |       |       |       ||    17
       Short sword       |    32 |     4 |       |       ||    36
       Halberd           |       |   110 |   179 |   301 ||   590
 Cast: Shock             |    53 |   162 |    59 |   293 ||   567
       Repel Missiles    |       |     1 |     2 |     2 ||     5
       Static Discharge  |       |     6 |    41 |   124 ||   171
       Lightning Bolt    |       |       |       |    13 ||    13
       Sandblast         |       |       |       |     2 ||     2
       Regeneration      |       |       |       |    16 ||    16
       Stone Arrow       |       |       |       |     4 ||     4
       Animate Dead      |       |       |       |    10 ||    10
       Vampiric Draining |       |       |       |     4 ||     4
Evoke: Wand              |       |       |       |    21 ||    21
  Use: Potion            |       |     9 |     3 |    16 ||    28
       Scroll            |       |     7 |     9 |    11 ||    27
 Stab: Sleeping          |       |     4 |     9 |     8 ||    21
       Invisible         |       |       |     1 |       ||     1
       Distracted        |       |       |       |     1 ||     1
  Eat: Chunk             |     1 |     7 |     8 |    18 ||    34
       Beef jerky        |       |     1 |     1 |     2 ||     4
       Royal jelly       |       |     1 |       |       ||     1
       Fruit             |       |       |     4 |       ||     4
       Pizza             |       |       |       |     4 ||     4
